 Dungeon Crawl Stone Soup version 0.31.0-11-ge490571c62 (webtiles) character file.

Game seed: 11932089863421688333

5 Gadfly the Trooper (level 1, -2/18 HPs)
             Began as a Demonspawn Monk on Feb 2, 2024.
             Slain by a gnoll
             ... wielding a +0 spear
              (9 damage)
             ... on level 1 of the Dungeon.
             The game lasted 00:00:19 (196 turns).

Gadfly the Trooper (Demonspawn Monk)                 Turns: 196, Time: 00:00:20

Health: -2/18      AC:  2    Str: 11    XL:     1   Next: 66%
Magic:  1/1        EV: 13    Int: 10    God:
Gold:   19         SH:  0    Dex: 15    Spells: 0/0 levels left

rFire   . .          .
                       - Unarmed
rCold   . . .        c - orb {light}
rNeg    . . .        a - +0 robe
rPois   .            (no helmet)
rElec   .            (no cloak)
rCorr   .            (no gloves)
SInv    .            (no boots)
Will    .....        (no amulet)
Stlth   +            (no ring)
HPRegen 0.23/turn    (no ring)
MPRegen 0.07/turn

%: no passive effects
@: glowing
A: no striking features
a: no special abilities


You were on level 1 of the Dungeon.
You visited 1 branch of the dungeon, and saw 1 of its levels.

You collected 19 gold pieces.

Inventory:

Hand Weapons
 i - a +1 whip of flaming
Armour
 a - a +0 robe (worn)
 c - an orb of light (worn)
Scrolls
 e - a scroll of vulnerability {unknown}
 f - a scroll of identify {unknown}
 g - a scroll of torment {unknown}
Potions
 b - a potion of ambrosia
 d - 2 potions of curing {unknown}
 h - a potion of magic {unknown}


   Skills:
 - Level 3.0 Fighting
 + Level 2.7 Dodging
 * Level 2.8 Unarmed Combat
 * Level 0.4 Evocations
 * Level 0.3 Shapeshifting


You couldn't memorise any spells.
You didn't know any spells.
Your spell library was empty.

Dungeon Overview and Level Annotations

Branches:
Dungeon (1/15)

Altars:


Message History

The ball python grabs you. The ball python constricts you.
You hit the ball python but do no damage.
The bat closely misses you.
The ball python bites you but does no damage.
The ball python constricts you.
You barely miss the ball python. The bat barely misses you.
The ball python bites you. The ball python constricts you.
You hit the ball python.
You kill the ball python!
The bat hits you but does no damage. The bat closely misses you.
The gnoll hits you with a +0 spear.
You see here a scroll labelled IMMUENI VILUIF.
You hit the gnoll.
The gnoll is moderately wounded.
The bat hits you but does no damage. The gnoll hits you with a +0 spear.
* * * LOW HITPOINT WARNING * * *
You are too injured to fight recklessly!
You are too injured to fight recklessly!
You are too injured to fight recklessly!
You are too injured to fight recklessly!
You are too injured to fight recklessly!
You are too injured to fight recklessly!
The bat hits you but does no damage. The gnoll misses you.
The bat barely misses you. The bat barely misses you.
The gnoll attacks as it pursues you! The gnoll closely misses you.
The bat hits you.
* * * LOW HITPOINT WARNING * * *
The bat hits you but does no damage. The bat attacks as it pursues you!
The bat closely misses you. The bat misses you.
The gnoll attacks as it pursues you! The gnoll barely misses you.
The bat misses you. The gnoll attacks as it pursues you!
The gnoll barely misses you. The bat closely misses you.
You see here a +1 whip of flaming.
i - a +1 whip of flaming The gnoll hits you from afar with a +0 spear!
Ouch! That really hurt!
You die...

#........# #........#
#........####+####+#.#####
#........................#
####.#...............###.#
..................#
#..................##
#...........[.......#
#...........)#
#......@.b...##
#..............
#######.g#.#.###.
#..........#.#
#.#####..### # #........#
.# ########.###.###
#........ #........


You could see a gnoll and a bat.

Vanquished Creatures
  A kobold (D:1)
  A quokka (D:1)
  A ball python (D:1)
  A frilled lizard (D:1)
  2 rats (D:1)
6 creatures vanquished.

Notes
Turn   | Place    | Note
-------+----------+-------------------------------------------
     0 | D:1      | Gadfly the Demonspawn Monk began the quest for the Orb.
     0 | D:1      | Reached XP level 1. HP: 18/18 MP: 1/1
   196 | D:1      | Slain by a gnoll

Illustrated notes

Levels and vault maps discovered:
D:1:      zelgadis_glass_arrival_small, layout_basic,
          ebering_ecumenical_altar_sacrificial

Action                     || total
---------------------------++-------
  Melee: Unarmed           ||    26
 Armour: Robe              ||    25
  Dodge: Dodged            ||    30
